cohdb
Replays
Latest Replays
All Replays
Popular Replays
Top Player Replays
Match Explorer
How It Works
Community
CoH3 Stats
Reddit
Sign in to upload your games and track your stats! →
Sign in with Steam
Match 42754126
Unlisted
Match 42754126
Overview
Messages
Build Orders
End
Panzergrenadier Squad
Selects Panzerjäger Kommand Battlegroup
Selects Mine Fields
Panzergrenadier Squad
Panzergrenadier Squad
Construct Light Support Kompanie
MG34 Team
Fire Support Elements
Panzerjäger Mechanized Group
Flakvierling Half-track
2.5-tonne Medical Truck
Panzerjäger Squad
Construct Mechanized Kompanie
Selects Defensive Positions
Selects Butterfly Bomb Drop
Selects GrB 39 Grenade Launcher Requisition
Butterfly Bomb Drop
Panzerjäger Mechanized Group
Combat Half-tracks
StuG III D Assault Gun
StuG III D Assault Gun
StuG III D Assault Gun
Selects Crew Shock Tactics
Assault Mechanized Group
Marder III Tank Destroyer
StuG III D Assault Gun
StuG III D Assault Gun
MG34 Team
Butterfly Bomb Drop
Construct Light Support Kompanie
Panzerjäger Squad
Construct Panzerarmee Kommand
Construct Mechanized Kompanie
Assault Mechanized Group
AI Takeover
Ⅲ♈Hi-Lo
只愛❤毛妹
0
0
Comments
sign in to comment!
No comments posted yet!